 Dungeon Crawl Stone Soup version 0.11-b1-131-g99efd1b (console) character file.

1355234 hyperpartyhat the Conqueror (level 27, 293/293 (296) HPs)
             Began as a Naga Fire Elementalist on Sept 18, 2012.
             Was the Champion of Ashenzari.
             Escaped with the Orb
             ... and 3 runes on Sept 19, 2012!
             The game lasted 11:00:52 (122414 turns).

hyperpartyhat the Conqueror (NaFE)                Turns: 122414, Time: 11:00:52

HP 293/293 (296) AC 47     Str 17      XL: 27
MP  46/46        EV 23     Int 24      God: Ashenzari [******]
Gold 7179        SH  0     Dex 19      Spells: 16 memorised,  1 level left

Res.Fire  : + . .   See Invis. : +   a - +8,+7 triple sword (protect) (curse)
Res.Cold  : + . .   Warding    : .   W - +6 mottled dragon armour (curse)
Life Prot.: . . .   Conserve   : +   (no shield)
Res.Poison: +       Res.Corr.  : .   O - +2 helmet of the Thistle {Str+3 Dex+4}
Res.Elec. : .       Clarity    : +   Y - +1 cloak {darkness}
Sust.Abil.: . .     Spirit.Shd : .   l - +2 pair of orc gloves
Res.Mut.  : .       Stasis     : .   K - +4 naga barding {rF+} (curse)
Res.Rott. : .       Ctrl.Telep.: x   C - amulet of conservation
Saprovore : . . .   Levitation : .   N - cursed ring "Mirerugy" {rC+ AC+5 Str+2} Ctrl.Flight: .
                                     u - cursed +6,+6 ring of slaying

@: very slightly contaminated, very slow, extremely resistant to hostile
enchantments, fairly stealthy
A: spit poison, constrict 1, see invisible, deformed body, poison resistance,
slowness 2
a: Spit Poison, Scrying, Transfer Knowledge, Renounce Religion, Evoke
Invisibility
}: 3/15 runes: decaying, silver, gossamer


You escaped.
You worshipped Ashenzari.
Ashenzari was exalted by your worship.
You were full.

You visited 10 branches of the dungeon, and saw 71 of its levels.
You visited the Abyss 1 time.
You also visited: Ossuary, Bailey and Ice Cave.

You collected 11209 gold pieces.
You spent 4050 gold pieces at shops.


Innate Abilities, Weirdness & Mutations

You cannot wear boots.
You can spit poison.
You can use your snake-like lower body to constrict enemies.
Your serpentine skin is tough (AC +9).
You have supernaturally acute eyesight.
Armour fits poorly on your strangely shaped body.
Your system is resistant to poisons.
You cover ground very slowly.


   Skills:
 O Level 27 Fighting
 - Level 19.2(24.0) Long Blades
 - Level 6.0 Armour
 + Level 17.0(19.4) Dodging
 - Level 7.6(11.2) Stealth
 - Level 10.1 Traps & Doors
 - Level 18.9 Spellcasting
 - Level 10.0(12.8) Conjurations
 - Level 8.0(11.0) Charms
 - Level 12.0(14.7) Summonings
 - Level 14.0(16.6) Translocations
 - Level 8.8(11.7) Fire Magic
 - Level 5.8(8.9) Air Magic
 - Level 5.6(8.7) Poison Magic


You had one spell level left.
You knew the following spells:

 Your Spells              Type           Power        Failure   Level  Hunger
a - Phase Shift           Tloc           ########..   1%          5    None
d - Sticky Flame          Conj/Fire      #######..    1%          4    None
e - Fireball              Conj/Fire      #######...   1%          5    None
f - Flight                Chrm/Air       #######...   1%          3    None
g - Regeneration          Chrm/Necr      ######....   1%          3    None
j - Abjuration            Summ           ########..   1%          3    None
k - Blink                 Tloc           N/A          0%          2    None
p - Poisonous Cloud       Conj/Pois/Air  #######...   8%          6    ###....
r - Repel Missiles        Chrm/Air       #######...   1%          2    None
s - Swiftness             Chrm/Air       #######...   1%          2    None
t - Control Teleport      Chrm/Tloc      #######...   1%          4    None
A - Apportation           Tloc           ########..   0%          1    None
G - Summon Greater Demon  Summ           ########..   6%          7    #####..
H - Haste                 Chrm           #######..    4%          6    ###....
K - Controlled Blink      Tloc           N/A          1%          7    #####..
S - Sublimation of Blood  Necr           ####......   3%          2    None

Inventory:

Hand weapons
 a - a cursed +8,+7 triple sword of protection (weapon)
 b - a +2,+0 long sword of distortion {!w}
Armour
 e - the +1 robe of Puises {Dex+5 Int+3 Acc+4}
   (You found it on level 18 of the Dungeon)

   It affects your intelligence (+3).
   It affects your dexterity (+5).
   It affects your accuracy (+4).
 l - a +2 pair of orcish gloves (worn)
 w - the +3 hat of Pondering {ponderinghat, ponderous, MR MP+10 Int+5}
   (You found it in an ice cave)

   It affects your intelligence (+5).
   It increases your resistance to enchantments.
   It affects your mana capacity (+10).
 K - a cursed +4 naga barding of fire resistance (worn)
 O - the cursed +2 helmet of the Thistle (worn) {Str+3 Dex+4}
   (You found it on level 22 of the Dungeon)

   It affects your strength (+3).
   It affects your dexterity (+4).
   It has a curse placed upon it.
 W - a cursed +6 mottled dragon armour (worn)
 Y - a +1 cloak of darkness (worn)
Magical devices
 d - a wand of teleportation (6)
 g - a wand of digging (12)
 j - a wand of heal wounds (8)
 q - a wand of fire (6)
 s - a wand of cold (11)
 x - a wand of hasting (8)
 y - a wand of disintegration (9)
 R - a wand of teleportation (4)
 S - a wand of digging (5)
Comestibles
 D - 10 bread rations
 Q - 2 pieces of ambrosia {!e}
 U - 2 royal jellies {!e}
Scrolls
 f - a scroll of identify
 k - 4 scrolls of teleportation
 v - 6 scrolls of fog
 A - 9 scrolls of blinking {!r}
 I - a scroll of vulnerability
 J - 2 scrolls of recharging
 L - 4 scrolls of remove curse
 V - 5 scrolls of magic mapping
Jewellery
 c - an uncursed ring of wizardry
 h - an uncursed ring of protection from magic
 i - an uncursed amulet of the gourmand
 o - an uncursed amulet of resist corrosion
 u - a cursed +6,+6 ring of slaying (left hand)
 z - an uncursed ring of sustain abilities
 C - an amulet of conservation (around neck)
 M - an uncursed amulet of resist mutation
 N - the cursed ring "Mirerugy" (right hand) {rC+ AC+5 Str+2}
   (You found it on level 8 of the Vaults)

   [ring of protection]

   It affects your AC (+5).
   It affects your strength (+2).
   It protects you from cold.
   It has a curse placed upon it.
 P - an uncursed ring of protection from fire
Potions
 m - 5 potions of curing
 p - a potion of might
 t - 2 potions of speed
 B - 8 potions of heal wounds
 E - 2 potions of brilliance
 F - 5 potions of resistance
 T - 3 potions of magic
 Z - a potion of cure mutation {!q}
Orbs of Power
 n - the Orb of Zot


Message History

Evoke which item? (* to show all) (? for menu, Esc to quit)
Zapping:
y - a wand of disintegration (10)
You hear a grinding noise.
This wand has 9 charges left.
You found a dart trap!
There is a stone staircase leading up here.
You climb upwards.
You sense a powerful magical force warping space.
There is a stone staircase leading down here.
Unknown command.
You feel quick.
Magic restored.
You feel less contaminated with magical energies.
You start to feel a little slower.
Put on which piece of jewellery? (? for menu, Esc to quit)
C - an amulet of conservation (around neck)
You feel sluggish.
There is a staircase leading out of the dungeon here.
Are you sure you want to win?
You have escaped!

#.##.......#.#
#.##.#.....#.#####
#.##.##...##......
#.##.###.###.#####
#.##.........#
#.###.....#### #.#
#.....# #.#
#.....# #@#
#.....# ##### #.#
#####.# #...# #.#
#.# #...# #.# #.#
#.... #.# #.#
###.# #.# #.# #.#
#.# #.# #.# #.#
#.# #.# #.# #.#
#.#


There were no monsters in sight!

Vanquished Creatures
  3 ancient liches
  3 orbs of fire (Zot:5)
  Saint Roka (Swamp:5)
  A curse toe (Zot:5)
  Norris (D:18)
  Mara (Elf:3)
  2 Killer Klowns (Zot:5)
  Mennas (Vaults:7)
  2 golden dragons
  A pandemonium lord (D:4)
  Frederick (Crypt:2)
  3 electric golems
  6 tentacled monstrosities
  20 Orb Guardians (Zot:5)
  2 deep elf blademasters (Elf:3)
  A titan (Vaults:8)
  6 liches
  7 shadow dragons (Vaults:8)
  4 storm dragons
  Kirke (Elf:3)
  A storm dragon (shapeshifter) (Vaults:8)
  Rupert (Lair:3)
  Agnes (D:22)
  6 sphinxes
  Frances (Vaults:5)
  2 Ice Fiends
  An Executioner (Zot:5)
  Donald (Orc:4)
  7 frost giants
  A draconian knight (Zot:1)
  3 ghouls
  6 bone dragons
  A draconian scorcher (Zot:5)
  Wiglaf (D:26)
  Louise (D:16)
  A draconian zealot (Zot:5)
  5 ghost moths
  Maud (D:16)
  An angel (D:26)
  6 fire giants
  An orc warlord (D:26)
  2 draconian annihilators
  2 draconian shifters
  A draconian caller (Zot:5)
  55 stone giants
  An emperor scorpion (Spider:5)
  A phoenix (D:27)
  A greater naga (D:26)
  A green draconian (Zot:4)
  2 red draconians (Zot:5)
  5 yellow draconians
  7 deep elf death magi (Elf:3)
  4 dire elephants (Lair:8)
  5 white draconians
  A mottled draconian (Zot:5)
  2 purple draconians (Zot:5)
  A blizzard demon (D:15)
  4 deep elf sorcerers (Elf:3)
  9 deep elf annihilators (Elf:3)
  4 deep elf master archers (Elf:3)
  Snorg (Elf:2)
  65 yaktaur captains
  A mummy priest (Crypt:4)
  A minotaur (D:26)
  A spriggan air mage (D:26)
  23 vault guards
  2 dragons (shapeshifter)
  5 dragons
  12 ettins
  An ettin (shapeshifter) (Vaults:8)
  A great orb of eyes (shapeshifter) (Vaults:6)
  3 storm dragon skeletons
  4 ice dragons (Zot:5)
  Fannar (D:10)
  3 great orbs of eyes
  Erica (D:10)
  30 hydras
  A ravenous feature mimic (Lair:8)
  Harold (D:12)
  2 lorocyprocas
  4 death cobs
  An anaconda (Lair:8)
  3 deep elf demonologists (Elf:3)
  2 draconians (shapeshifter)
  A golden dragon skeleton (Crypt:5)
  Nessos (Elf:2)
  9 alligators
  19 ogre magi
  3 sphinx zombies
  7 rakshasas
  3 wolf spider zombies
  24 deep trolls
  A shadow dragon skeleton (Vaults:8)
  6 stone giant zombies
  6 deep elf high priests
  2 frost giant zombies
  A hell hog (Abyss)
  Urug (Spider:1)
  23 centaur warriors
  Nergalle (Elf:2)
  A sphinx skeleton (D:21)
  7 very ugly things
  6 death yaks
  2 sun demons
  12 stone giant skeletons
  9 iron golems
  A soul eater (Crypt:5)
  3 vapours (D:22)
  4 fire giant skeletons
  A death drake (shapeshifter) (D:27)
  2 elf zombies (Elf:3)
  2 ice devils (IceCv)
  6 iron trolls
  2 catoblepae
  A paladin (D:26)
  4 wizards
  A death yak zombie (Crypt:2)
  81 skeletal warriors
  17 deep elf knights
  A shadow demon (Crypt:5)
  2 large abominations
  A red draconian zombie (Crypt:5)
  A black draconian zombie (Crypt:4)
  A naga warrior (D:26)
  A swamp dragon (shapeshifter) (D:16)
  10 unseen horrors
  11 flayed ghosts
  3 sea snakes (shapeshifter)
  19 hill giants
  3 ice statues
  The ghost of grubznug the Exhumer, an experienced TrDK of Yredelemnul (D:8)
  13 harpies
  3 iron troll zombies
  19 orc knights
  13 swamp dragons
  A crystal golem (D:26)
  6 giant amoebae
  13 flaming corpses
  2 redback zombies (Vaults:6)
  A yellow draconian skeleton (Crypt:4)
  3 necromancers
  2 grey draconian skeletons
  2 vampire magi (Crypt:4)
  2 harpy zombies
  A hydra zombie (D:15)
  3 orc sorcerers
  4 spiny worms
  6 griffons
  2 iron troll skeletons
  A human (Elf:3)
  A statue (Elf:2)
  15 cyclopes
  A griffon (shapeshifter) (Vaults:8)
  5 moths of wrath
  4 red wasp zombies
  26 wolf spiders
  2 cyclopes (shapeshifter)
  An ettin zombie (Vaults:5)
  A minotaur skeleton (Crypt:4)
  An alligator zombie (Crypt:1)
  An ice dragon zombie (D:21)
  2 phantasmal warriors
  Maurice (D:8)
  10 red wasps
  A black mamba (shapeshifter) (Vaults:8)
  2 harpy skeletons
  A moth of wrath (shapeshifter) (Vaults:8)
  An elephant slug (Lair:8)
  3 orange demons
  2 sixfirhies
  3 fire crabs
  A dragon zombie (Vaults:5)
  3 black mambas
  2 griffon zombies
  19 elephants
  A guardian serpent zombie (Crypt:3)
  4 dragon skeletons
  A griffon skeleton (Vaults:1)
  2 ice dragon skeletons
  10 spiny frogs
  8 ettin skeletons
  A queen ant zombie (Crypt:2)
  2 item mimics
  2 draconian zombies
  118 slime creatures
  A queen ant (shapeshifter) (D:11)
  2 hill giant zombies
  2 hellwings
  96 yaktaurs
  20 rock trolls
  A feature mimic (D:11)
  Psyche (D:11)
  A giant leech zombie (Crypt:2)
  A giant firefly zombie (Crypt:2)
  103 ugly things
  5 iron devils
  12 demonic crawlers
  A mermaid (shapeshifter) (D:11)
  A deep dwarf artificer (D:8)
  4 hill giant skeletons
  A raven zombie (Crypt:4)
  Sonja (D:12)
  14 guardian mummies
  A redback simulacrum (D:19)
  2 rock troll zombies
  4 silent spectres
  Prince Ribbit (D:8)
  6 giant leeches
  A smoke demon (Abyss)
  22 trolls
  2 spriggans (shapeshifter)
  7 komodo dragons
  12 bog bodies
  3 elves (shapeshifter)
  9 baby alligators
  A spiny frog skeleton (Crypt:4)
  4 rock troll skeletons
  4 deep troll skeletons
  3 blink frogs (Lair:7)
  38 two-headed ogres
  3 brown oozes (Lair:8)
  An elephant zombie (Crypt:5)
  A jumping spider (shapeshifter) (Vaults:2)
  7 vampires
  2 air elementals (D:26)
  5 basilisks
  A brown ooze (shapeshifter) (Vaults:6)
  17 jumping spiders
  6 blue devils
  A rotting hulk (D:26)
  6 wraiths
  5 wyverns
  4 dragon simulacra (IceCv)
  2 human zombies (Crypt:4)
  A snapping turtle skeleton (Crypt:5)
  2 hogs (Elf:3)
  25 tarantellas
  The ghost of runningboots the Cudgeler, an average OgAM of Ashenzari (D:5)
  9 hippogriffs
  101 yaks
  17 orb spiders
  5 ynoxinuls
  A blink frog skeleton (Vaults:5)
  43 vampire mosquitoes
  7 sharks
  9 deep elf conjurers
  23 trapdoor spiders
  Grum (D:9)
  A trapdoor spider (shapeshifter) (Vaults:8)
  A fire drake (Lair:7)
  10 hungry ghosts
  13 deep elf summoners
  3 merfolk (shapeshifter)
  4 chaos spawn
  2 neqoxecs
  17 deep elf fighters
  A clay golem (D:15)
  A manticore (D:16)
  69 redbacks
  3 yaktaur zombies
  2 fire crab zombies (Vaults:5)
  A redback (shapeshifter) (D:27)
  8 war dogs
  2 steam dragons
  2 giant slug zombies
  3 boulder beetles
  A soldier ant (D:14)
  A manticore (shapeshifter) (D:26)
  4 molten gargoyles (Vaults:6)
  48 swamp worms
  A komodo dragon zombie (D:13)
  5 necrophages
  8 mottled dragons
  5 rock worms
  A rock troll simulacrum (D:17)
  9 small abominations
  9 sky beasts
  A wyvern skeleton (Crypt:5)
  4 deep elf priests (Elf:3)
  3 cyclops skeletons
  16 freezing wraiths
  8 giant goldfish
  3 kobold demonologists
  A bumblebee zombie (D:24)
  2 troll zombies (D:13)
  44 orc warriors
  14 ice beasts
  8 red devils
  A yak zombie (Crypt:3)
  14 swamp drakes
  A yak skeleton (Crypt:4)
  2 yellow wasps
  4 phantoms
  3 boring beetles
  46 centaurs
  3 polar bear skeletons
  A boring beetle zombie (Vaults:5)
  75 ogres
  A hippogriff skeleton (Crypt:1)
  A wolf zombie (Crypt:5)
  3 rotting devils
  Duvessa (D:8)
  2 fire crab simulacra
  A naga (shapeshifter) (D:18)
  A giant frog zombie (D:15)
  2 yellow wasp zombies
  11 crocodiles
  6 deep elf magi
  10 giant slugs
  13 wargs
  6 big kobolds
  A giant frog skeleton (Crypt:2)
  19 giant frogs
  A water moccasin zombie (D:8)
  13 insubstantial wisps
  A centaur skeleton (Crypt:5)
  A centaur zombie (D:15)
  3 brain worms
  26 water moccasins
  Blork the orc (D:4)
  13 agate snails
  A black bear zombie (Crypt:1)
  4 grizzly bear simulacra (IceCv)
  A two-headed ogre skeleton (D:14)
  A black bear skeleton (Crypt:4)
  A water moccasin skeleton (D:23)
  An eye of draining (D:12)
  44 killer bees
  A warg skeleton (Crypt:5)
  16 jellyfish
  2 killer bee zombies
  24 wights
  A mottled dragon zombie (Vaults:3)
  2 ogre zombies
  24 electric eels
  3 big kobold zombies
  5 goliath beetles
  17 crimson imps
  29 spiders
  Dowan (D:8)
  9 big fish
  7 shadows
  A deep dwarf skeleton (Crypt:3)
  32 orc priests
  2 big kobold skeletons
  11 hounds
  Crazy Yiuf (D:2)
  2 quasits (Elf:3)
  A hound zombie (D:8)
  8 scorpions
  A tengu skeleton (Crypt:4)
  3 iguanas
  6 orange rats
  29 deep elf soldiers
  A gnoll shaman (D:7)
  2 hound skeletons
  4 iron imps
  A soldier ant simulacrum (Vaults:1)
  A naga skeleton (Crypt:5)
  5 porcupines
  46 orc wizards
  6 worker ants
  2 worker ant zombies
  A kobold skeleton (Crypt:4)
  12 sheep
  Ijyb (D:2)
  2 steam dragon skeletons
  7 boggarts
  13 jellies
  15 mummies
  2 human simulacra (IceCv)
  55 gnolls
  98 green rats
  3 giant centipede zombies
  32 adders
  6 flying skulls
  5 giant centipedes
  2 iguana skeletons
  4 lemures
  A scorpion zombie (Crypt:1)
  2 shadow imps
  An adder skeleton (D:10)
  3 giant mites
  4 white imps
  An elf simulacrum (Crypt:1)
  24 ufetubi
  4 worms
  4 grey rats
  5 giant eyeballs
  7 giant geckos
  A gnoll zombie (Ossuary)
  A green rat skeleton (Crypt:4)
  17 oozes
  234 orcs
  4 ball pythons
  41 bats
  34 hobgoblins
  50 jackals
  47 kobolds
  19 quokkas
  A ball python zombie (Crypt:3)
  11 giant cockroaches
  2 giant cockroach zombies
  A giant gecko skeleton (D:5)
  3 giant newts
  33 goblins
  2 goblin zombies
  A hobgoblin skeleton (D:7)
  2 hobgoblin zombies
  20 illusory rakshasas
  2 jackal skeletons (D:4)
  5 kobold zombies
  4 orc skeletons
  4 orc zombies
  A quokka skeleton (D:8)
  A quokka zombie (Crypt:1)
  29 rats
  A rat zombie (D:8)
  5 crawling corpses (Elf:3)
  7 fungi
  9 plants
  109 toadstools
3765 creatures vanquished.

Vanquished Creatures (collateral kills)
  An electric golem (Zot:2)
  An Orb Guardian (Zot:5)
  3 shadow dragons (Vaults:8)
  2 emperor scorpions (Spider:5)
  A yellow draconian (Zot:4)
  A vault guard (Vaults:7)
  2 yaktaur captains (Vaults:8)
  A red wasp (Spider:4)
  A wolf spider (Spider:4)
  A cyclops (D:19)
  A yaktaur (Vaults:8)
  A demonic crawler (Spider:4)
  A tarantella (Spider:5)
  4 orb spiders (Spider:5)
  4 jumping spiders
  3 redbacks (Spider:5)
  3 trapdoor spiders
  A crocodile (Lair:5)
  3 spiders (Spider:4)
  A porcupine (Lair:4)
  2 adders
  7 green rats
  A giant gecko (Lair:4)
46 creatures vanquished.

Vanquished Creatures (others)
  2 balrugs (Vaults:8)
  A stone giant (D:25)
  A fire giant (D:21)
  A dire elephant (Lair:8)
  A yaktaur captain (D:25)
  A vampire knight (D:26)
  5 deep trolls (D:25)
  3 hellions
  A trapdoor spider zombie (Spider:5)
  A yaktaur (D:25)
  A hellwing (Spider:5)
  A guardian mummy (Crypt:3)
  A tormentor (Zot:4)
  A spriggan (D:23)
  2 ugly things (D:20)
  5 humans
  A baby alligator zombie (Crypt:5)
  A trapdoor spider (Spider:5)
  6 small abominations
  2 dwarves (D:23)
  An ogre (Vaults:7)
  An orb spider zombie (Spider:5)
  A swamp drake (Swamp:5)
  A rock worm zombie (Crypt:5)
  An orc warrior (Vaults:6)
  A hell beast (Vaults:8)
  A brain worm (D:16)
  A deep elf mage (Elf:1)
  A water moccasin (Lair:4)
  A rotting devil (Spider:5)
  An insubstantial wisp (Swamp:5)
  An electric eel (Swamp:5)
  A deep elf soldier (Elf:1)
  2 orc wizards
  A halfling (D:23)
  An adder (Lair:3)
  A porcupine zombie (Crypt:5)
  4 orcs
  A bat (D:26)
  A hobgoblin (Orc:1)
  A jackal (Lair:5)
  5 kobolds
  A giant gecko skeleton (Crypt:4)
  2 giant spores (D:7)
  A jackal skeleton (Crypt:2)
  3 rats
  22 fungi
  10 plants
  548 toadstools
655 creatures vanquished.

Grand Total: 4466 creatures vanquished

Notes
Turn   | Place    | Note
--------------------------------------------------------------
     0 | D:1      | hyperpartyhat, the Naga Fire Elementalist, began the quest for the Orb.
     0 | D:1      | Reached XP level 1. HP: 15/15 MP: 3/3
   401 | D:1      | Reached XP level 2. HP: 22/22 MP: 4/4
   869 | D:1      | Reached XP level 3. HP: 28/28 MP: 5/5
  1148 | D:2      | Found a shattered altar of Ashenzari.
  1156 | D:2      | Became a worshipper of Ashenzari the Shackled
  1239 | D:2      | Reached skill level 3 in Conjurations
  1255 | D:2      | Learned a level 3 spell: Conjure Flame
  1303 | D:2      | Noticed Ijyb
  1798 | D:2      | Reached XP level 4. HP: 36/36 MP: 7/7
  2153 | D:3      | Reached skill level 4 in Conjurations
  2256 | D:3      | :/
  2499 | D:3      | Found an ancient bone altar of Kikubaaqudgha.
  2500 | D:3      | Noticed a human
  2502 | D:3      | Killed a human
  2502 | D:3      | Noticed a human zombie
  3146 | D:4      | Noticed Blork the orc
  3184 | D:3      | Reached XP level 5. HP: 40/42 MP: 8/8
  3717 | D:3      | nice
  3920 | D:4      | Killed Blork the orc
  4003 | D:4      | Reached XP level 6. HP: 49/49 MP: 11/11
  4051 | D:4      | Paralysed by a giant eyeball for 4 turns
  4086 | D:4      | Paralysed by a giant eyeball for 4 turns
  4168 | D:4      | Found a burning altar of Makhleb.
  4232 | D:4      | Noticed an ogre
  4247 | D:4      | Killed an ogre
  4457 | D:4      | Learned a level 4 spell: Sticky Flame
  4600 | D:4      | Noticed an ogre
  4634 | D:4      | Killed an ogre
  4634 | D:4      | Reached skill level 5 in Conjurations
  4634 | D:4      | Reached XP level 7. HP: 55/55 MP: 9/12
  4736 | D:4      | i don't really want to play nafe
  4989 | D:4      | nice
  5416 | D:3      | Noticed an ogre
  5417 | D:3      | what the flying guck
  5417 | D:3      | *fuck
  5662 | D:5      | Entered Level 5 of the Dungeon
  5811 | D:5      | mmm
  6044 | D:5      | Noticed runningboots' ghost (average OgAM)
  6044 | D:5      | ew
  6054 | D:5      | oh true
  6054 | D:5      | does. not. work.
  6054 | D:5      | Killed runningboots' ghost
  6054 | D:5      | Reached skill level 6 in Conjurations
  6054 | D:5      | Reached skill level 6 in Fire Magic
  6310 | D:5      | Reached XP level 8. HP: 59/62 MP: 5/14
  6715 | D:6      | :/
  6718 | D:6      | not enough
  6825 | D:6      | Found a staircase to the Ecumenical Temple.
  6872 | Temple   | Entered the Ecumenical Temple
  7226 | D:6      | Found a snail-covered altar of Cheibriados.
  7235 | D:6      | Reached skill level 3 in Spellcasting
  7279 | D:6      | crap
  7279 | D:6      | elliott don't distract me!!!!!!111111
  7427 | D:7      | Found an iron altar of Okawaru.
  7997 | D:7      | Reached XP level 9. HP: 68/68 MP: 9/20
  8196 | D:7      | Noticed a cyclops
  8197 | D:7      | nice
  8276 | D:7      | oh
  8415 | D:7      | Reached skill level 6 in Spellcasting
  8993 | D:7      | mmm
  9356 | D:7      | Found a deep blue altar of Sif Muna.
  9985 | D:3      | Killed an ogre
 10091 | D:3      | Reached skill level 7 in Conjurations
 10420 | D:3      | nice
 10559 | D:3      | nice
 10575 | D:3      | Noticed a centaur
 11169 | D:2      | Noticed Crazy Yiuf
 11177 | D:2      | Killed Crazy Yiuf
 11389 | D:2      | Killed Ijyb
 11395 | D:2      | niiiice
 12010 | D:8      | Noticed Prince Ribbit
 12011 | D:8      | ouch
 12095 | D:8      | Found a staircase to the Orcish Mines.
 12101 | D:8      | Killed Prince Ribbit
 12102 | D:8      | niiice
 12167 | D:7      | Learned a level 5 spell: Fireball
 12170 | D:7      | Learned a level 2 spell: Repel Missiles
 12173 | D:7      | Learned a level 2 spell: Swiftness
 12208 | D:8      | Found a roughly hewn altar of Beogh.
 12210 | D:8      | nice
 12213 | D:8      | HP: 10/68 [orc warrior/orcish glaive (22)]
 12215 | D:8      | Noticed grubznug's ghost (experienced TrDK)
 12215 | D:8      | ha
 12219 | D:8      | HP: 10/68 [orc wizard/magic dart (2)]
 12623 | D:8      | Reached skill level 8 in Conjurations
 12623 | D:8      | Reached XP level 10. HP: 75/75 MP: 12/23
 12743 | D:8      | Reached skill level 1 in Charms
 12743 | D:8      | Reached skill level 1 in Air Magic
 12893 | D:8      | heh
 13332 | D:8      | Found a sand-covered staircase.
 13357 | Ossuary  | Entered an ossuary
 13495 | Ossuary  | nice
 13535 | Ossuary  | Reached skill level 3 in Charms
 13621 | D:8      | :/
 13654 | D:8      | Learned a level 2 spell: Throw Flame
 13712 | D:8      | of course
 13719 | D:8      | :/
 14122 | D:8      | Noticed Dowan
 14125 | D:8      | Noticed Duvessa
 14137 | D:8      | Killed Dowan
 14181 | D:8      | Killed Duvessa
 14186 | D:8      | Noticed Maurice
 14187 | D:8      | :/
 14209 | D:8      | Killed Maurice
 15138 | D:8      | Killed grubznug's ghost
 15181 | D:8      | Paralysed by a giant eyeball for 4 turns
 15280 | D:8      | Learned a level 3 spell: Flight
 15376 | D:8      | nice
 15376 | D:8      | Reached XP level 11. HP: 21/81 MP: 0/27
 15513 | D:8      | Reached skill level 9 in Conjurations
 16120 | D:9      | Reached skill level 3 in Dodging
 16148 | D:9      | Acquired Ashenzari's first power
 16242 | D:9      | Found Woib's Antique Weapon Emporium.
 16311 | D:9      | Reached skill level 3 in Air Magic
 16452 | D:9      | Learned a level 5 spell: Lightning Bolt
 16663 | D:9      | Noticed Grum
 16673 | D:9      | Killed Grum
 16696 | D:9      | HP: 15/81 [orc priest/nerve-wracking pain (6)]
 17248 | D:9      | nice
 17328 | D:9      | Reached skill level 9 in Spellcasting
 17520 | D:10     | Entered Level 10 of the Dungeon
 17524 | D:10     | wow
 17570 | D:10     | what!
 17687 | D:10     | Noticed Erica
 18043 | D:10     | Noticed Fannar
 18046 | D:10     | ...
 18285 | D:10     | Killed Fannar
 18285 | D:10     | Reached skill level 10 in Spellcasting
 18995 | D:10     | Killed Erica
 18995 | D:10     | Reached skill level 11 in Spellcasting
 19403 | D:11     | Found a shimmering altar of Xom.
 19403 | D:11     | Found a shimmering altar of Xom.
 19403 | D:11     | Found a shimmering altar of Xom.
 19403 | D:11     | Found a shimmering altar of Xom.
 19403 | D:11     | Found a shimmering altar of Xom.
 19403 | D:11     | Found a shimmering altar of Xom.
 19403 | D:11     | Found a shimmering altar of Xom.
 19403 | D:11     | Found a shimmering altar of Xom.
 19403 | D:11     | Found a shimmering altar of Xom.
 19403 | D:11     | Found a shimmering altar of Xom.
 19403 | D:11     | Noticed an elf
 19403 | D:11     | Noticed an elf
 19404 | D:11     | heh
 19428 | D:11     | Found a staircase to the Lair.
 19428 | D:11     | Noticed a hill giant
 19432 | D:11     | Killed a hill giant
 19432 | D:11     | Reached XP level 12. HP: 49/88 MP: 14/30
 19746 | D:11     | Reached skill level 12 in Spellcasting
 19993 | D:11     | Reached skill level 1 in Fighting
 20119 | D:11     | Noticed a dragon
 20119 | D:11     | what
 20137 | D:11     | Noticed a minotaur
 20137 | D:11     | a dragon changed into a minotaur
 20139 | D:11     | shifter!
 20250 | D:11     | Noticed a death yak
 20399 | D:11     | Noticed a hill giant
 20401 | D:11     | Noticed Psyche
 20415 | D:11     | Killed a hill giant
 20415 | D:11     | Reached skill level 3 in Fighting
 20417 | D:11     | Killed Psyche
 20551 | D:11     | :/
 20884 | D:11     | Upgraded the game from 0.11-b1-126-g4ead40f to 0.11-b1-131-g99efd1b
 20895 | D:11     | Reached skill level 1 in Traps & Doors
 20977 | D:12     | Noticed Sonja
 20982 | D:12     | Killed Sonja
 21160 | D:12     | Reached skill level 3 in Traps & Doors
 21332 | D:12     | Noticed Harold
 21353 | D:12     | Killed Harold
 21427 | D:12     | Acquired Ashenzari's second power
 21428 | D:12     | nice
 21437 | D:12     | Noticed a six-headed hydra
 21443 | D:12     | Killed a six-headed hydra
 22875 | Lair:1   | Entered Level 1 of the Lair of Beasts
 23361 | Lair:1   | Reached skill level 1 in Long Blades
 23466 | Lair:1   | Found a radiant altar of Vehumet.
 24005 | Lair:1   | Reached skill level 3 in Long Blades
 24514 | Lair:2   | Reached XP level 13. HP: 99/104 MP: 16/32
 24673 | Lair:2   | Acquired Ashenzari's third power
 25761 | Lair:3   | Reached skill level 6 in Long Blades
 26071 | Lair:3   | Noticed Rupert
 26336 | Lair:3   | Found a blossoming altar of Fedhas.
 26472 | Lair:3   | Noticed an eight-headed hydra
 26483 | Lair:3   | Killed an eight-headed hydra
 26805 | Lair:4   | Found a staircase to the Swamp.
 26896 | Lair:4   | Noticed a five-headed hydra
 26922 | Lair:4   | Killed a five-headed hydra
 27371 | Lair:4   | Noticed a seven-headed hydra
 27379 | Lair:4   | Killed a seven-headed hydra
 28917 | Lair:5   | Found a glowing silver altar of Zin.
 28917 | Lair:5   | Found a white marble altar of Elyvilon.
 28918 | Lair:5   | Found a glowing golden altar of the Shining One.
 28921 | Lair:5   | Noticed a four-headed hydra
 28925 | Lair:5   | Killed a four-headed hydra
 29042 | Lair:5   | Reached skill level 6 in Fighting
 29043 | Lair:5   | Found a hole to the Spider Nest.
 29851 | Lair:6   | Got the war axe of Sasaj {slay orc, SInv}
 29963 | Lair:6   | Found an ancient bone altar of Kikubaaqudgha.
 30580 | Lair:6   | Reached skill level 9 in Long Blades
 31510 | Lair:7   | mmm
 31551 | Lair:7   | Reached skill level 6 in Stealth
 32100 | Lair:7   | Reached XP level 14. HP: 99/116 MP: 16/33
 32863 | Lair:8   | Entered Level 8 of the Lair of Beasts
 32910 | Lair:8   | Reached skill level 12 in Long Blades
 33270 | Lair:8   | urgh
 33535 | Lair:8   | Found a staircase to the Slime Pits.
 33664 | Lair:8   | Reached skill level 9 in Fighting
 33851 | Lair:8   | Acquired Ashenzari's fourth power
 35651 | Lair:8   | not that bad
 35680 | Lair:8   | Reached skill level 13 in Long Blades
 35787 | Lair:8   | maybe i'll die now
 35805 | Lair:8   | Identified the +2 robe of the Midnight Sun
 35807 | Lair:8   | Noticed a dire elephant
 35808 | Lair:8   | Noticed a dire elephant
 35813 | Lair:8   | mmm
 35830 | Lair:8   | Killed a dire elephant
 36037 | Lair:8   | Killed a dire elephant
 36161 | Lair:8   | mmm
 36161 | Lair:8   | do i want rf+++ :/
 36162 | Lair:8   | maybe i can fireball myself
 36253 | Lair:8   | Noticed a dire elephant
 36258 | Lair:8   | Noticed a dire elephant
 36269 | Lair:8   | Killed a dire elephant
 36281 | Lair:8   | Killed a dire elephant
 36281 | Lair:8   | Reached skill level 14 in Long Blades
 36484 | Lair:8   | Noticed a dire elephant
 36514 | Lair:8   | Killed a dire elephant
 36514 | Lair:8   | Reached XP level 15. HP: 101/129 MP: 19/34
 36637 | Lair:8   | mmm
 37149 | D:8      | mmm
 37156 | Orc:1    | Entered Level 1 of the Orcish Mines
 37643 | Orc:2    | Learned a level 3 spell: Mephitic Cloud
 37648 | Orc:2    | Learned a level 4 spell: Control Teleport
 37708 | Orc:3    | Found a radiant altar of Vehumet.
 37755 | Orc:3    | Reached skill level 1 in Translocations
 38310 | Orc:3    | Found a roughly hewn altar of Beogh.
 38353 | Orc:3    | Found a staircase to the Elven Halls.
 38749 | Orc:2    | Found Kegeog's Book Emporium.
 38757 | Orc:2    | Bought a book of Wizardry for 390 gold pieces
 39023 | Orc:1    | Reached XP level 14. HP: 122/122 MP: 33/33
 39901 | Orc:4    | Entered Level 4 of the Orcish Mines
 40324 | Orc:4    | Noticed Donald
 40790 | Orc:4    | Found a roughly hewn altar of Beogh.
 40819 | Orc:4    | Reached XP level 15. HP: 129/129 MP: 28/34
 40897 | Orc:4    | Learned a level 6 spell: Haste
 41110 | Orc:4    | Killed Donald
 41110 | Orc:4    | Reached skill level 6 in Charms
 41729 | Orc:4    | Found Hitauk's Jewellery Boutique.
 41731 | Orc:4    | Found Kagadaurio's Food Boutique.
 42276 | Orc:4    | Found Jixt's General Store.
 42282 | Orc:4    | Found Tiuleott's Armour Shop.
 42310 | Orc:4    | Bought a royal jelly for 144 gold pieces
 42322 | Orc:4    | Bought an uncursed amulet of resist mutation for 560 gold pieces
 42323 | Orc:4    | what a crappy draw
 42576 | D:9      | Bought a glowing scimitar for 117 gold pieces
 42578 | D:9      | :/
 42731 | Orc:4    | Bought a +5 ring of intelligence for 576 gold pieces
 42789 | D:8      | they're really brutal
 42873 | D:9      | nice curare mulching
 43025 | Lair:3   | Paralysed by Rupert for 6 turns
 43032 | Lair:3   | nice
 43035 | Lair:3   | Killed Rupert
 43146 | Lair:2   | nice
 43146 | Lair:2   | Identified the +4,+0 war axe of Sasaj {slay orc, SInv} (You found it on level 6 of the Lair of Beasts)
 43962 | D:7      | Killed a cyclops
 43987 | D:7      | Gained mutation: You are agile (Dex +1). [potion of gain dexterity]
 44983 | D:13     | Reached skill level 15 in Long Blades
 45473 | D:14     | Entered Level 14 of the Dungeon
 46204 | D:14     | Reached skill level 16 in Long Blades
 46417 | D:14     | Reached XP level 16. HP: 135/140 MP: 35/35
 46661 | D:15     | Entered Level 15 of the Dungeon
 46675 | D:15     | Found a flagged portal.
 46718 | Bailey   | Entered a bailey
 46732 | Bailey   | crystal plate i'm calling it
 46732 | Bailey   | probably with +8 dam or something
 47314 | Bailey   | maybe someday
 47470 | D:15     | Found a glowing golden altar of the Shining One.
 48186 | D:15     | Reached skill level 17 in Long Blades
 48552 | D:15     | Found a staircase to the Vaults.
 48716 | D:16     | oh
 48801 | D:16     | Noticed Louise
 48802 | D:16     | mmmmmmmmm
 48962 | D:16     | Noticed Maud
 48982 | D:16     | Killed Maud
 49128 | D:16     | what
 49432 | D:16     | Found a shimmering altar of Xom.
 49463 | D:16     | crap
 49468 | D:16     | Cast into the Abyss (Louise)
 49469 | Abyss    | nice
 49865 | Abyss    | Reached skill level 18 in Long Blades
 49873 | D:16     | Escaped the Abyss.
 49889 | D:16     | Killed Louise
 50780 | Vaults:1 | Entered Level 1 of the Vaults
 50867 | Vaults:1 | mad stealth
 51052 | Vaults:1 | and i have decent ac :/
 51252 | Vaults:1 | Reached XP level 17. HP: 147/147 MP: 36/36
 51457 | Vaults:1 | Identified the +3 ring mail of Thounkuo
 51463 | Vaults:1 | not bad
 51516 | Vaults:1 | Learned a level 2 spell: Blink
 51516 | Vaults:1 | nice
 51679 | Vaults:1 | Reached skill level 19 in Long Blades
 52426 | Vaults:2 | Found Pnoig's Distillery.
 52434 | Vaults:2 | Bought a potion of resistance for 91 gold pieces
 52434 | Vaults:2 | Bought a potion of resistance for 91 gold pieces
 52492 | Vaults:2 | Reached skill level 6 in Dodging
 52595 | Vaults:2 | nice
 52746 | Vaults:2 | mmm
 52746 | Vaults:2 | whaaaat should i acquire
 52746 | Vaults:2 | maybe a shield
 52746 | Vaults:2 | Identified the cursed +3 helmet of Magic (You acquired it on level 2 of the Vaults)
 52748 | Vaults:2 | well...
 52748 | Vaults:2 | better i guess
 53169 | Vaults:2 | shouldn't i be at ac 30
 53169 | Vaults:2 | oh half of 1 is 0 :(
 53288 | Vaults:3 | Found Abramp's Assorted Antiques.
 54103 | Vaults:3 | Found Muifoixzas' Armour Shoppe.
 54248 | Vaults:3 | Found Plog's Armour Emporium.
 54262 | Vaults:3 | Found a white marble altar of Elyvilon.
 54289 | Vaults:3 | man
 54706 | Vaults:3 | Found a bloodstained altar of Trog.
 54757 | Vaults:3 | Found Kleara's Magical Wand Shoppe.
 54766 | Vaults:3 | mmm
 54857 | Vaults:3 | Found Quubus' Assorted Antiques.
 54866 | Vaults:3 | Bought a glowing orcish robe for 16 gold pieces
 54868 | Vaults:3 | Bought a scroll of recharging for 176 gold pieces
 55244 | Vaults:4 | wow
 55244 | Vaults:4 | bloody ettings
 55244 | Vaults:4 | ettins :$
 55389 | Vaults:4 | mmm!
 55458 | Vaults:4 | Found a frozen archway.
 55475 | IceCv    | Entered an ice cave
 55744 | IceCv    | Reached skill level 12 in Fighting
 55916 | IceCv    | Noticed an Ice Fiend
 55938 | IceCv    | Identified the cursed -2 robe "Vekhla Fyap"
 55946 | IceCv    | Killed an Ice Fiend
 56173 | Vaults:4 | Reached XP level 18. HP: 116/162 MP: 26/37
 56224 | Vaults:3 | that's still a lot of damage :/
 56988 | Vaults:4 | Found a staircase to the Hall of Blades.
 57312 | Vaults:4 | applying my secret ponderinghat techs here!
 57942 | Vaults:4 | Found Gosu Fapt's General Store.
 57959 | Vaults:4 | Found a basalt altar of Yredelemnul.
 57960 | Vaults:4 | Found a staircase to the Crypt.
 57961 | Vaults:4 | Found an ancient bone altar of Kikubaaqudgha.
 57967 | Vaults:4 | mmm
 58065 | Vaults:4 | Found Toficig's Antique Weapon Boutique.
 58087 | Vaults:4 | Noticed a shadow dragon
 58198 | Vaults:4 | scorpion teleport!
 58316 | Crypt:1  | Entered Level 1 of the Crypt
 58361 | Vaults:4 | nice
 58361 | Vaults:4 | niiiice
 58527 | Crypt:1  | nice
 59456 | Vaults:4 | Reached skill level 15 in Fighting
 59499 | Crypt:1  | oh, a cross level, of course
 59916 | Crypt:2  | Noticed Frederick
 59916 | Crypt:2  | niiiice
 59927 | Crypt:1  | nice tele
 59927 | Crypt:1  | bad play
 60328 | Crypt:2  | Identified the +1 scale mail of Whack-A-Mole
 60422 | Crypt:2  | Identified the +3,+4 whip of Wyrd
 60797 | Crypt:2  | Reached XP level 19. HP: 164/178 MP: 34/37
 60849 | Crypt:2  | Killed Frederick
 60929 | Crypt:2  | Identified the cursed -8 chain mail "Pnerat" (You took it off a necrophage on level 2 of the Crypt)
 62289 | Crypt:3  | Noticed a sphinx
 62319 | Crypt:3  | Killed a sphinx
 62320 | Crypt:3  | Noticed a sphinx
 62327 | Crypt:3  | Killed a sphinx
 62357 | Crypt:3  | Identified the +3,+11 spear "Klaat" (You took it off a skeletal warrior on level 3 of the Crypt)
 62797 | Crypt:3  | nice
 63119 | Crypt:3  | nice
 63165 | Crypt:3  | so no tomb then
 63278 | Crypt:4  | nice
 64528 | Crypt:4  | Found a deep blue altar of Sif Muna.
 64609 | Crypt:4  | Learned a level 2 spell: Sublimation of Blood
 64666 | Crypt:4  | Reached skill level 18 in Fighting
 64762 | Crypt:4  | nice
 64970 | Crypt:5  | Entered Level 5 of the Crypt
 64971 | Crypt:5  | ew
 64977 | Crypt:4  | oh nice
 66809 | Crypt:5  | Noticed a sphinx
 66827 | Crypt:5  | Noticed a sphinx
 66846 | Crypt:5  | Killed a sphinx
 66846 | Crypt:5  | Reached XP level 20. HP: 175/196 MP: 25/38
 66856 | Crypt:5  | Killed a sphinx
 66857 | Crypt:5  | that's a lot of sphinxes
 67611 | Crypt:5  | man
 67846 | Crypt:5  | fucking a
 67979 | Crypt:5  | Noticed a lich
 67994 | Crypt:5  | Killed a lich
 68172 | Crypt:5  | Found an ancient bone altar of Kikubaaqudgha.
 68178 | Crypt:5  | Noticed a lich
 68196 | Crypt:5  | Killed a lich
 68197 | Crypt:5  | Noticed a lich
 68201 | Crypt:5  | Killed a lich
 68516 | Crypt:5  | Noticed an ancient lich
 68551 | Crypt:5  | Learned a level 3 spell: Abjuration
 68713 | Crypt:5  | Killed an ancient lich
 68714 | Crypt:5  | nice?
 69085 | Crypt:5  | Learned a level 1 spell: Apportation
 69485 | Vaults:5 | Identified the +4 splint mail of Surprise
 69626 | Vaults:5 | Noticed Frances
 69730 | Vaults:5 | Killed Frances
 70182 | Vaults:5 | Reached skill level 6 in Summonings
 70195 | Vaults:5 | mmm
 70195 | Vaults:5 | do i even want dispel
 70195 | Vaults:5 | probably not
 70240 | Vaults:5 | Reached skill level 1 in Poison Magic
 70396 | Vaults:5 | Reached skill level 3 in Poison Magic
 70416 | Vaults:5 | wow you're dumb
 70535 | Vaults:6 | Reached XP level 21. HP: 48/207 MP: 17/40
 71917 | Vaults:5 | nice
 71923 | Vaults:6 | Reached skill level 15 in Spellcasting
 72012 | Vaults:6 | Found Yciapnue's Antique Weapon Emporium.
 72157 | Vaults:6 | Learned a level 6 spell: Poisonous Cloud
 72430 | Vaults:7 | Noticed Mennas
 72434 | Vaults:6 | mmm
 72768 | Vaults:4 | oh nice
 73445 | Vaults:4 | ponderinghaaaaat
 73958 | Elf:1    | Entered Level 1 of the Elven Halls
 74349 | Elf:1    | mmm
 74931 | Elf:2    | Noticed Nergalle
 74939 | Elf:2    | Killed Nergalle
 74946 | Elf:2    | Noticed Nessos
 74950 | Elf:2    | Killed Nessos
 75311 | Elf:2    | Noticed Snorg
 75319 | Elf:2    | so much food
 75326 | Elf:2    | Killed Snorg
 75617 | Elf:3    | Entered Level 3 of the Elven Halls
 75735 | Elf:3    | Reached skill level 9 in Dodging
 76577 | Elf:3    | Noticed Mara
 76578 | Elf:3    | nice
 76588 | Elf:3    | Killed Mara
 76859 | Elf:3    | Noticed Kirke
 76879 | Elf:3    | Killed Kirke
 76879 | Elf:3    | Reached skill level 20 in Fighting
 77096 | Elf:3    | Identified the cursed +7,+3 glaive "Beastbane" {pain} (You took it off a deep elf knight on level 3 of the Elven Halls)
 77097 | Elf:3    | 30 seconds unresponsive, easily
 77227 | Elf:3    | i don't even know what's going on
 78293 | Elf:3    | Reached skill level 21 in Fighting
 78317 | Elf:3    | Got a levitating book
 78318 | Elf:3    | Identified the Disquisition on the Voyage (You found it on level 3 of the Elven Halls)
 78335 | Elf:3    | Identified the +5 ring mail "Rotselae"
 78358 | Elf:3    | Got a levitating book
 78359 | Elf:3    | Identified Khibis' Handbook of Spatial Moulding (You found it on level 3 of the Elven Halls)
 78381 | Elf:3    | Got a graven book
 78382 | Elf:3    | Identified the Compendium of Hurtful Stones (You found it on level 3 of the Elven Halls)
 78685 | Orc:3    | what happened here
 78768 | Elf:3    | nice
 79078 | Lair:2   | man this guy is slow
 79815 | D:17     | Reached XP level 22. HP: 179/223 MP: 29/41
 79916 | D:17     | Identified the +6,+1 glaive of Domination
 80183 | D:15     | meh
 80189 | D:15     | Learned a level 5 spell: Phase Shift
 80424 | D:17     | Reached skill level 3 in Translocations
 80744 | D:18     | Identified the +1 robe of Puises
 81013 | D:18     | mmm
 81374 | D:18     | Noticed Norris
 81387 | D:18     | Killed Norris
 81907 | D:19     | Identified the +2,+3 flail "Widot"
 82845 | D:20     | Entered Level 20 of the Dungeon
 84342 | D:21     | Found a one-way gate to the infinite horrors of the Abyss.
 84490 | D:21     | Reached skill level 12 in Dodging
 84606 | D:21     | Reached XP level 23. HP: 194/232 MP: 41/41
 84795 | D:21     | Found Kuyqiy's Jewellery Boutique.
 84832 | D:21     | Bought an uncursed ring of protection from magic for 475 gold pieces
 84864 | D:21     | Found a gateway to Hell.
 85358 | D:22     | Identified the +2 helmet of the Thistle
 85686 | D:22     | nice
 85839 | D:22     | Found a white marble altar of Elyvilon.
 85985 | D:22     | ugh this vault
 85993 | D:22     | Noticed Agnes
 86001 | D:22     | Killed Agnes
 86015 | D:22     | Identified the +2,+5 sabre of Innocence
 86032 | D:22     | nice sky weapon
 86211 | D:22     | mmm
 88320 | D:24     | uhm what
 88341 | D:24     | Found a white marble altar of Elyvilon.
 88808 | D:24     | Identified the cursed +6,+1 scythe of Orihim
 89114 | D:24     | Reached skill level 22 in Fighting
 89114 | D:24     | Reached XP level 24. HP: 239/247 MP: 27/42
 89355 | D:24     | Found a one-way gate leading to the halls of Pandemonium.
 89573 | D:25     | Entered Level 25 of the Dungeon
 89598 | D:25     | Found Ypnar's Food Boutique.
 89865 | D:25     | Reached skill level 6 in Translocations
 90480 | D:25     | Reached skill level 9 in Translocations
 90767 | D:25     | Reached XP level 25. HP: 255/255 MP: 43/43
 91681 | D:26     | Noticed Wiglaf
 91719 | D:26     | Killed Wiglaf
 91868 | D:26     | nice
 92166 | D:26     | Learned a level 7 spell: Controlled Blink
 92345 | D:26     | Found Shruig's Magical Wand Boutique.
 92355 | D:26     | Identified the cursed amulet "Bougamob" (You acquired it on level 26 of the Dungeon)
 92358 | D:26     | meeeeeh
 92743 | D:27     | Entered Level 27 of the Dungeon
 93099 | D:27     | Reached XP level 26. HP: 204/266 MP: 37/44
 93147 | D:27     | Reached XP level 25. HP: 184/255 MP: 43/44
 93211 | D:27     | Reached skill level 12 in Translocations
 93810 | D:27     | Reached XP level 26. HP: 253/267 MP: 44/44
 94934 | D:26     | what a weird vault
 94983 | D:26     | Reached skill level 23 in Fighting
 95163 | D:26     | Noticed a golden dragon
 95192 | D:26     | Killed a golden dragon
 95198 | D:26     | nice
 96381 | Vaults:3 | Bought a scroll of enchant weapon II for 192 gold pieces
 96382 | Vaults:3 | Bought a scroll of remove curse for 105 gold pieces
 96382 | Vaults:3 | Bought a scroll of remove curse for 105 gold pieces
 96776 | Swamp:1  | Entered Level 1 of the Swamp
 97474 | Swamp:2  | Identified the cursed +5 naga barding of Lisocegg (You acquired it on level 2 of the Swamp)
 97477 | Swamp:2  | meeeh
 98192 | Swamp:2  | Reached skill level 24 in Fighting
 99805 | Swamp:5  | Entered Level 5 of the Swamp
100246 | Swamp:5  | Reached XP level 27. HP: 188/282 MP: 45/45
100475 | Swamp:5  | :(
100643 | Swamp:5  | Reached skill level 9 in Summonings
100803 | Swamp:5  | hey roka
100826 | Swamp:5  | Noticed Saint Roka
100855 | Swamp:5  | Killed Saint Roka
101082 | Swamp:5  | Got a decaying rune of Zot
101686 | D:7      | Learned a level 7 spell: Summon Greater Demon
101686 | D:7      | i'm bored of haunt
101686 | D:7      | maybe XXX would be better though mmm
102028 | Spider:1 | Entered Level 1 of the Spider Nest
102298 | Spider:1 | Noticed Urug
102305 | Spider:1 | Killed Urug
102486 | Spider:1 | mmm maybe i should just go for mottled
105006 | Spider:3 | diiiiiiiie
105009 | Spider:3 | Reached skill level 12 in Summonings
105339 | Spider:4 | oh hi buddy
105781 | Spider:5 | Entered Level 5 of the Spider Nest
106028 | Spider:5 | mmm
106324 | Spider:5 | woo
106612 | Spider:5 | Reached skill level 15 in Dodging
106640 | Spider:5 | Got a gossamer rune of Zot
108562 | Elf:2    | :(
109035 | Vaults:2 | Bought a potion of porridge for 13 gold pieces
109035 | Vaults:2 | Bought a potion of heal wounds for 39 gold pieces
109036 | Vaults:2 | Bought a potion of might for 32 gold pieces
109535 | Vaults:7 | crap
109547 | Vaults:7 | Killed Mennas
110100 | Vaults:7 | Identified the +6,+1 scimitar "Jebiewn"
110124 | Vaults:7 | nice scimitar (in some way)
110375 | Vaults:8 | Entered Level 8 of the Vaults
110377 | Vaults:8 | :/
110397 | Vaults:7 | what
110397 | Vaults:7 | the crappiest summon
110708 | Vaults:7 | regen :(
111019 | Vaults:8 | Reached skill level 6 in Traps & Doors
111266 | Vaults:8 | Identified the cursed -2,-3 longbow "Umeoc"
111267 | Vaults:8 | Identified the +5 ring mail of a treasure trove
111497 | Vaults:8 | Identified the +3 pair of boots of Osah Plu
111710 | Vaults:8 | Reached skill level 9 in Traps & Doors
112156 | Vaults:8 | Noticed a golden dragon
112476 | Vaults:8 | mmm i could use imb or something i guess
112482 | Vaults:8 | Killed a golden dragon
112557 | Vaults:8 | Reached skill level 18 in Spellcasting
112569 | Vaults:8 | nice
112569 | Vaults:8 | i like this spell
112768 | Vaults:8 | Identified the +0,+2 crossbow of Exquisite Torment
112784 | Vaults:8 | Got a silver rune of Zot
113662 | Vaults:8 | Found Abuv's Magical Wand Emporium.
113667 | Vaults:8 | Got a droning book
113668 | Vaults:8 | Identified A Primer on Witchery (You found it on level 8 of the Vaults)
113671 | Vaults:8 | Got a blackened book
113672 | Vaults:8 | Identified Ceiqug's Volume of the Shifting Mountains (You found it on level 8 of the Vaults)
113716 | Vaults:8 | Identified the cursed +5,+1 morningstar of Floods
113716 | Vaults:8 | Identified the ring "Mirerugy"
113721 | Vaults:8 | mmmm!
113724 | Vaults:8 | nice
113745 | Vaults:8 | Got a torn book
113746 | Vaults:8 | Identified the Handbook of Assistive Evil (You found it on level 8 of the Vaults)
113746 | Vaults:8 | heeeeey
113921 | Vaults:8 | ew ham and pineapple :(
114085 | Vaults:7 | Learned a level 3 spell: Regeneration
114277 | Vaults:1 | do i want uber-defenses :/
116323 | Vaults:3 | Bought a potion of resistance for 224 gold pieces
116361 | Vaults:4 | Bought a potion of resistance for 112 gold pieces
116362 | Vaults:4 | Bought a potion of gain intelligence for 560 gold pieces
116363 | Vaults:4 | Gained mutation: Your mind is acute (Int +1). [potion of gain intelligence]
116364 | Vaults:4 | Bought a scroll of curse jewellery for 32 gold pieces
116389 | Vaults:4 | mmmm
117715 | Vaults:8 | Reached skill level 3 in Armour
118480 | Zot:1    | Entered Level 1 of the Realm of Zot
118519 | Zot:2    | niiiiice
118530 | Zot:2    | what?
118530 | Zot:2    | maybe it didn't hurt me and i didn't see it
118554 | Zot:2    | that probably woke up the whole level
118672 | Zot:2    | Identified the cursed -1 plate armour of the Orb
118788 | Zot:3    | Reached skill level 6 in Armour
119033 | Zot:4    | Identified the cursed +0 splint mail of Inviolability
119078 | Zot:5    | Entered Level 5 of the Realm of Zot
119324 | Zot:5    | Identified the +11 chain mail "Plumof"
119333 | Zot:5    | not a bad chain mail!
119389 | Zot:5    | i should just map z to Z goddammit
119746 | Zot:5    | coome
120011 | Zot:5    | Noticed a curse toe
120024 | Zot:5    | nice
120036 | Zot:5    | Killed a curse toe
120255 | Zot:5    | wish i could ninja
120386 | Zot:5    | Noticed an ancient lich
120386 | Zot:5    | Noticed an orb of fire
120397 | Zot:5    | Noticed an orb of fire
120401 | Zot:5    | Noticed a Killer Klown
120404 | Zot:5    | Noticed an ancient lich
120404 | Zot:5    | not good
120645 | Zot:5    | Killed a Killer Klown
120740 | Zot:5    | Noticed a Killer Klown
120761 | Zot:5    | Killed a Killer Klown
120770 | Zot:5    | not very nice
120799 | Zot:5    | Killed an ancient lich
120799 | Zot:5    | Reached skill level 25 in Fighting
120817 | Zot:5    | Noticed an orb of fire
120991 | Zot:5    | Killed an orb of fire
120993 | Zot:5    | wow
121018 | Zot:5    | Killed an orb of fire
121029 | Zot:5    | i... should've dropped those :(
121030 | Zot:5    | Lost mutation: Your mind is acute (Int +1). [an orb of fire]
121033 | Zot:5    | Killed an orb of fire
121123 | Zot:5    | Reached skill level 26 in Fighting
121217 | Zot:5    | mmm
121308 | Zot:5    | Noticed an ancient lich
121309 | Zot:5    | Noticed an ancient lich
121310 | Zot:5    | mmm
121341 | Zot:5    | Killed an ancient lich
121349 | Zot:5    | Got the Orb of Zot
121387 | Zot:5    | ew
121446 | Zot:5    | Gained mutation: You are frail (-10% HP). [mutagenic glow]
121451 | Zot:5    | Noticed an ancient lich
121558 | Zot:2    | Gained mutation: You are dopey (Int -1). [mutagenic glow]
121576 | Zot:1    | Gained mutation: You are partially covered in slimy green scales (AC +1). [mutagenic glow]
121711 | D:22     | Lost mutation: You are dopey (Int -1). [potion of cure mutation]
121711 | D:22     | Lost mutation: You are agile (Dex +1). [potion of cure mutation]
121711 | D:22     | Lost mutation: You are frail (-10% HP). [potion of cure mutation]
121711 | D:22     | Lost mutation: You are partially covered in slimy green scales (AC +1). [potion of cure mutation]
121842 | D:17     | so close...
122226 | D:4      | Noticed Smodaggi the pandemonium lord
122228 | D:4      | c'mere
122236 | D:4      | Killed Smodaggi the pandemonium lord
122275 | D:4      | Reached skill level 27 in Fighting
122276 | D:4      | woo!
122292 | D:4      | they have a radar or what
122414 | D:$      | Escaped with the Orb!

Vault maps used:
D:1:      normal: minmay_entry_semitransparent extra: hex_medium,
          minmay_misc_feat_enclosed
D:2:      normal: lemuel_round_altar, uniq_crazy_yiuf_cottage, uniq_iyjb extra:
          minmay_staircase_bubble, serial_curves, eino_curves_03,
          eino_curves_04, eino_curves_01
D:3:      normal: lemuel_castle_with_subvaults, tgw_kikubaaqudgha extra:
          serial_bayou_pond_d, fountainhead
D:4:      normal: lemuel_statue_altar, uniq_blork_the_orc
D:5:      normal: lemuel_old_faithful extra: first_bread
D:6:      normal: cheibriados_altar_1, minmay_temple_entry_nine_rooms
D:7:      normal: wad_guarded_room, okawaru_ov_weapons_minmay,
          lemuel_blue_sif_altar extra: serial_bayou_pond_c, minmay_fountain_box
D:8:      normal: enter_ossuary_4, centaur_isle, minmay_orc_entry_temple_small,
          uniq_maurice, uniq_duvessa, uniq_prince_ribbit1 extra:
          blue_anna_alchemist
D:9:      normal: uniq_grum extra: serial_shops, shop
D:10:     normal: uniq_fannar, uniq_erica
D:11:     normal: xom_shifter_show, lair_0_dummy, uniq_psyche extra:
          serial_corexii_hall, corexii_hall_statues_l, corexii_hall_statues_s
D:12:     normal: uniq_harold, uniq_sonja extra: minmay_misc_feat_rugged
D:13:     normal: lemuel_slime
D:15:     normal: column_ruins_hut, column_ruins_grid_1,
          column_ruins_corridor_straight, column_ruins_open_small,
          column_ruins_open_small, column_ruins_grid_2, enter_bailey_5,
          tso_altar, david_vaults_5 extra: serial_column_ruins
D:16:     normal: uniq_louise, uniq_maud extra: basic_altar
D:18:     normal: uniq_norris
D:19:     extra: nicolae_wand_duel
D:21:     normal: minmay_wavy_crystal extra: hell_entry, abyss_entry,
          serial_shops, shop_coins, spider_trap
D:22:     normal: minmay_smoke_and_mirrors, uniq_agnes extra: hell_entry,
          basic_altar
D:23:     normal: grunt_fire_pit_2 extra: abyss_entry, hell_entry
D:24:     extra: pan_entry, abyss_entry, basic_altar, hell_entry
D:25:     normal: hangedman_cross_stitches, lemuel_flamethrower_hall extra:
          pan_entry, abyss_entry, hell_entry, serial_shops, shop, minivault_5
D:26:     normal: hangedman_opposites_gauntlet, uniq_wiglaf extra: hell_entry,
          serial_shops, shop_statue
D:27:     normal: minmay_open_boxes_in_corner, zot_entry_small extra:
          hell_entry, minivault_11
Temple:   normal: eino_temple_water_12
Orc:2:    normal: mines2_lemuel extra: serial_shops, shop, secret_library_closet
Orc:3:    normal: minmay_orc_temple_a extra: basic_altar
Orc:4:    normal: st_orc_open, uniq_donald extra: basic_altar
Elf:1:    normal: minmay_elf_arrival_plus, lemuel_flame_loot_1
Elf:2:    normal: minmay_archer_statue_crystal, uniq_nergalle, uniq_snorg,
          uniq_nessos
Elf:3:    normal: minmay_elf_hall_quartered_circle, uniq_mara, uniq_kirke
Lair:1:   extra: basic_altar
Lair:3:   normal: fedhas_growing_garden, uniq_rupert
Lair:4:   normal: swamp_mist_pool
Lair:5:   normal: spider_nest_entry_a extra: good_gods_mini_temple,
          columned_hall_lemuel
Lair:6:   normal: minmay_lair_oklob_bushes_tiny extra: basic_altar
Lair:7:   extra: minmay_holes
Lair:8:   normal: due_jungle_book, minmay_slime_entry_pillars
Swamp:1:  extra: swamp_pool1
Swamp:2:  extra: swamp_pool4
Swamp:3:  extra: swamp_pool2, statue_in_the_mist_lemuel
Swamp:5:  normal: swamp, uniq_saint_roka extra: swamp_pool4
Spider:1: normal: hangedman_spider_trapstep, uniq_urug extra: spider_trap
Spider:3: normal: nicolae_spider_mines_1
Spider:5: normal: grunt_spider_rune_circles
Vaults:1: normal: minislime_mu
Vaults:2: extra: serial_shops, shop
Vaults:3: normal: jmf_multi_god_temple extra: serial_shops, shop, shop, shop,
          shop, shop
Vaults:4: normal: portal_ice_cave_entry_horrid_things, nooodl_food_tri,
          minmay_crypt_entry_necro_gods extra: serial_shops, shop, shop
Vaults:5: normal: uniq_frances extra: minivault_14
Vaults:6: normal: minivault_8 extra: serial_shops, shop
Vaults:7: normal: baited_tele_trap, uniq_mennas
Vaults:8: extra: serial_shops
Crypt:1:  extra: crypt_curse_skull_rare, secret_library_closet
Crypt:2:  normal: minmay_guarded_unrand_curses, uniq_frederick extra:
          crypt_curse_skull
Crypt:3:  normal: tomb_entry_pyramid_bobbens
Crypt:4:  normal: hangedman_summoners_spam extra: crypt_curse_skull
Crypt:5:  normal: quadcrypt_mu
Zot:2:    normal: lemuel_golem_globe
Ossuary:  normal: ossuary_crypta
Bailey:   normal: bailey_polearm_1, bailey
IceCv:    normal: ice_cave_tombish

Action                   |  1- 3 |  4- 6 |  7- 9 | 10-12 | 13-15 | 16-18 | 19-21 | 22-24 | 25-27 || total
-------------------------+-------+-------+-------+-------+-------+-------+-------+-------+-------++-------
Melee: Hand axe          |    15 |       |       |       |       |       |       |       |       ||    15
       Flail             |       |    15 |    23 |       |       |       |       |       |       ||    38
       Mace              |       |       |    34 |   361 |   171 |       |       |       |       ||   566
       Unarmed           |       |       |     1 |     2 |       |       |       |       |       ||     3
       Scimitar          |       |       |       |     8 |   824 |       |       |       |       ||   832
       Triple sword      |       |       |       |       |   342 |  1256 |  1499 |  1474 |  3021 ||  7592
 Fire: Crossbow          |       |     1 |    17 |    50 |       |       |       |       |       ||    68
       Sling             |       |       |     2 |     5 |       |       |       |       |       ||     7
       Blowgun           |       |       |       |       |     1 |       |       |       |       ||     1
Throw: Dart              |    36 |    17 |    29 |     3 |       |       |       |       |       ||    85
       Throwing net      |       |       |       |     1 |       |       |       |       |       ||     1
 Cast: Flame Tongue      |    29 |    55 |   356 |   112 |       |       |       |       |       ||   552
       Conjure Flame     |       |     5 |    17 |     7 |       |       |       |       |       ||    29
       Sticky Flame      |       |       |    19 |    86 |   143 |    48 |    56 |    10 |     5 ||   367
       Throw Flame       |       |       |       |   195 |   293 |    51 |    30 |     6 |     9 ||   584
       Fireball          |       |       |       |   103 |   170 |    65 |    60 |    45 |    72 ||   515
       Repel Missiles    |       |       |       |    21 |    21 |    47 |    32 |    22 |    62 ||   205
       Flight            |       |       |       |     6 |     2 |    14 |     8 |     1 |    69 ||   100
       Swiftness         |       |       |       |    21 |    47 |    19 |    10 |       |    32 ||   129
       Lightning Bolt    |       |       |       |     9 |    17 |    11 |     1 |       |     2 ||    40
       Mephitic Cloud    |       |       |       |       |     1 |       |       |       |       ||     1
       Haste             |       |       |       |       |     3 |    18 |    29 |    11 |    35 ||    96
       Blink             |       |       |       |       |       |     7 |     8 |     9 |     5 ||    29
       Control Teleport  |       |       |       |       |       |     6 |     7 |     7 |     8 ||    28
       Apportation       |       |       |       |       |       |       |     4 |       |     8 ||    12
       Poisonous Cloud   |       |       |       |       |       |       |    28 |     2 |    16 ||    46
       Abjuration        |       |       |       |       |       |       |     4 |     7 |    18 ||    29
       Phase Shift       |       |       |       |       |       |       |       |    20 |   105 ||   125
       Controlled Blink  |       |       |       |       |       |       |       |       |    12 ||    12
       Regeneration      |       |       |       |       |       |       |       |       |    26 ||    26
       Summon Greater De |       |       |       |       |       |       |       |       |    25 ||    25
Invok: Scrying           |       |       |       |       |       |       |       |       |     4 ||     4
 Abil: Spit Poison       |    16 |    50 |   114 |    32 |       |       |       |       |       ||   212
Evoke: Wand              |       |       |     1 |    12 |     5 |     3 |     1 |       |    13 ||    35
  Use: Scroll            |     1 |     5 |    15 |    23 |    28 |    21 |     9 |     7 |    44 ||   153
       Potion            |       |       |       |     3 |     1 |     1 |     1 |     1 |    11 ||    18
